 Dungeon Crawl Stone Soup version 0.22-b1-26-g9dbaab1 (webtiles) character file.

142 zishaf the Digger (level 5, -4/39 HPs)
             Began as a Formicid Earth Elementalist on Aug 8, 2018.
             Slain by an orc priest
             ... wielding a +0 mace
              (6 damage)
             ... on level 3 of the Dungeon.
             The game lasted 00:05:14 (2711 turns).

zishaf the Digger (Formicid Earth Elementalist)     Turns: 2711, Time: 00:05:15

Health: -4/39      AC:  5    Str: 14    XL:     5   Next: 50%
Magic:  8/8        EV: 11    Int: 14    God:
Gold:   210        SH:  0    Dex: 11    Spells: 7/8 levels left

rFire    . . .     SeeInvis +   (no weapon)
rCold    . . .     Gourm    +   (no shield)
rNeg     . . .     Faith    .   e - +0 ring mail
rPois    .         Spirit   .   (helmet unavailable)
rElec    .         Reflect  .   n - -1 cloak (curse)
rCorr    .         Harm     .   (no gloves)
MR       .....                  (no boots)
Stlth    +.........             g - amulet of the gourmand
HPRegen  0.13/turn              (no ring)
MPRegen  0.11/turn              (no ring)

@: no status effects
A: permanent stasis, dig shafts and tunnels, four strong arms, antennae 3
a: Dig, Shaft Self


You were on level 3 of the Dungeon.
You were very full.

You visited 1 branch of the dungeon, and saw 3 of its levels.

You collected 210 gold pieces.

Inventory:

Hand Weapons
 l - a +0 hunting sling
Armour
 c - a +0 robe
 e - a +0 ring mail (worn)
 n - a cursed -1 cloak (worn)
Jewellery
 g - an amulet of the gourmand (around neck)
 j - an uncursed ring of ice {unknown}
 B - an uncursed ring of magical power {unknown}
Scrolls
 a - 3 scrolls of teleportation {unknown}
 h - 3 scrolls of identify {unknown}
 m - 4 scrolls of remove curse {unknown}
 p - 2 scrolls of magic mapping {unknown}
 q - a scroll of enchant armour {unknown}
 s - a scroll of noise {unknown}
 v - a scroll of immolation {unknown}
 y - a scroll of random uselessness {unknown}
Potions
 f - a potion of degeneration {unknown}
 i - 2 potions of brilliance {unknown}
 k - a potion of curing {unknown}
 o - a potion of might {unknown}
 r - a potion of resistance {unknown}
 t - a potion of mutation {unknown}
 u - a potion of invisibility {unknown}
 w - a potion of cancellation {unknown}
 x - a potion of lignification {unknown}
 z - a potion of heal wounds {unknown}
Comestibles
 d - 5 rations
 A - 5 chunks of flesh


   Skills:
 + Level 2.7 Fighting
 - Level 2.0 Dodging
 - Level 2.4 Stealth
 - Level 2.1 Spellcasting
   Level 1.1 Transmutations
 - Level 6.0 Earth Magic


You had 7 spell levels left.
You knew the following spells:

 Your Spells              Type           Power        Failure   Level  Hunger
a - Sandblast             Erth           ###...       4%          1    #......

Your spell library contained the following spells:

 Spells                   Type           Power        Failure   Level  Hunger
 Stone Arrow              Conj/Erth      #.....       38%         3    ###....
 Passwall                 Tmut/Erth      ##......     17%         2    ###....
 Lee's Rapid Deconstruct  Erth           ###.......   75%         5    ######.
 Petrify                  Tmut/Erth      ##......     73%         4    #####..


Dungeon Overview and Level Annotations

Branches:
Dungeon (3/15)

Altars:
Trog


Innate Abilities, Weirdness & Mutations

You cannot be hasted, slowed, berserked, paralysed or teleported.
You can dig through walls and to a lower floor.
Your four strong arms can wield two-handed weapons with a shield.
You have a pair of large antennae on your head. (SInv)


Message History

The orc priest is heavily wounded.
The orc priest hits you with a mace.
You hit the orc priest.
The orc priest is severely wounded.
The orc priest hits you with a mace.
* * * LOW HITPOINT WARNING * * *
Some of the chunks of flesh in your inventory have rotted away.
You hit the orc priest.
The orc priest is severely wounded.
The orc priest hits you with a mace!
* * * LOW HITPOINT WARNING * * *
You hit the orc priest but do no damage.
The orc priest is severely wounded.
You hit the orc priest.
The orc priest is almost dead.
The orc priest looks satisfied for a moment.
You closely miss the orc priest.
The orc priest is severely wounded.
The orc priest hits you with a mace.
You die...

#.#
###########
# #.#
#.....(...#
# #.#
#.#######.#
###.# #.#
#.# ....#
#.# #.#
##### #.#
#.# # #.#
#.#
#######.#
#.####.###
........#
#.@oooS...
#########
######.###


You could see an orc priest, an adder and 2 orcs.

Vanquished Creatures
  4 gnolls
  5 adders
  A worm (D:2)
  3 dart slugs
  A leopard gecko (D:2)
  2 orcs (D:3)
  7 bats
  3 giant cockroaches
  6 hobgoblins
  3 quokkas
  6 frilled lizards
  3 kobolds
  9 rats
53 creatures vanquished.

Notes
Turn   | Place    | Note
-------+----------+-------------------------------------------
     0 | D:1      | zishaf the Formicid Earth Elementalist began the quest for the Orb.
     0 | D:1      | Reached XP level 1. HP: 13/13 MP: 3/3
     2 | D:1      | Noticed a vampire
     4 | D:1      | Noticed a vine stalker
     4 | D:1      | Noticed a draconian
     6 | D:1      | Noticed an ogre
     8 | D:1      | Noticed a demigod
     8 | D:1      | Noticed a centaur
    10 | D:1      | Noticed a human
    10 | D:1      | Noticed a naga
    12 | D:1      | Noticed an octopode
    12 | D:1      | Noticed a tengu
    14 | D:1      | Noticed a ghoul
    14 | D:1      | Noticed a spriggan
    16 | D:1      | Noticed a troll
    16 | D:1      | Noticed a formicid
    18 | D:1      | Noticed a halfling
    18 | D:1      | Noticed a merfolk
    20 | D:1      | Noticed a dwarf
    22 | D:1      | Noticed a demonspawn
    22 | D:1      | Noticed a felid
    24 | D:1      | Noticed a minotaur
    26 | D:1      | Noticed an elf
    26 | D:1      | Noticed a gargoyle
   138 | D:1      | Reached XP level 2. HP: 20/20 MP: 3/5
   187 | D:1      | Reached skill level 4 in Earth Magic
   651 | D:1      | Reached skill level 1 in Fighting
   782 | D:2      | Reached XP level 3. HP: 26/26 MP: 3/6
  1141 | D:1      | Reached XP level 4. HP: 9/33 MP: 0/7
  1371 | D:2      | Reached skill level 5 in Earth Magic
  1742 | D:2      | Reached XP level 5. HP: 37/38 MP: 2/8
  2558 | D:3      | Reached skill level 6 in Earth Magic
  2585 | D:3      | Found a bloodstained altar of Trog.
  2711 | D:3      | Slain by an orc priest

Skill      XL: |  1  2  3  4  5 |
---------------+----------------+-----
Earth Magic    | 4 5 6 |  6.0
Dodging        | 2 |  2.0
Fighting       | 1 2 |  2.7
Stealth        | |  2.4
Spellcasting   | |  2.1
Transmutations | |  1.1

Action                   |  1- 3 |  4- 6 || total
-------------------------+-------+-------++-------
Melee: Unarmed           |     1 |    19 ||    20
 Cast: Sandblast         |    38 |    49 ||    87
  Eat: Chunk             |    12 |     5 ||    17
Armor: Robe              |     1 |       ||     1
       Ring mail         |       |     5 ||     5
Dodge: Dodged            |     3 |    12 ||    15
